 Seeded DCSS version 0.30-a0-165-g1891117ce2 (webtiles) character file.

Game seed: 20220928 (custom seed)

6 gzilladon the Chopper (level 1, -1/20 HPs)
             Began as a Hill Orc Monk on Sept 28, 2022.
             Slain by a gnoll
             ... wielding a +0 club
              (4 damage)
             ... on level 1 of the Dungeon.
             The game lasted 00:00:39 (211 turns).

gzilladon the Chopper (Hill Orc Monk)                Turns: 211, Time: 00:00:39

Health: -1/20      AC:  3    Str: 13    XL:     1   Next: 90%
Magic:  1/1        EV: 12    Int: 10    God:
Gold:   24         SH:  0    Dex: 13    Spells: 0/0 levels left

rFire   . . .      SeeInvis .    a - +0 hand axe
rCold   . . .      Faith    .    (no shield)
rNeg    . . .      Spirit   .    f - +0 leather armour
rPois   .          Reflect  .    (no helmet)
rElec   .          Harm     .    (no cloak)
rCorr   .          Rampage  .    (no gloves)
Will    .....                    (no boots)
Stlth   ++........               (no amulet)
HPRegen 0.06/turn                (no ring)
MPRegen 0.07/turn                (no ring)

@: no status effects
A: no striking features
a: no special abilities


You were on level 1 of the Dungeon.
You visited 1 branch of the dungeon, and saw 1 of its levels.

You collected 24 gold pieces.

Inventory:

Hand Weapons
 a - a +0 hand axe (weapon)
Missiles
 g - 5 stones (quivered)
Armour
 b - a +0 robe
 f - a +0 leather armour (worn)
Scrolls
 d - a scroll of blinking {unknown}
 h - a scroll of vulnerability {unknown}
Potions
 c - a potion of ambrosia
 e - a potion of lignification {unknown}


   Skills:
 + Level 3.6 Fighting
 * Level 4.4 Axes
 + Level 2.5 Dodging
 + Level 1.5 Stealth


You couldn't memorise any spells.
You didn't know any spells.
Your spell library was empty.

Dungeon Overview and Level Annotations

Branches:
Dungeon (1/15)

Altars:


Message History

You hit the dart slug.
The dart slug is moderately wounded.
The dart slug launches a dart at you. The slug dart hits you.
You hit the dart slug. You punch the dart slug.
The dart slug is heavily wounded.
The kobold shouts!
You hit the dart slug but do no damage.
The dart slug is heavily wounded.
The dart slug launches a dart at you. The slug dart hits you.
You hit the dart slug but do no damage.
The dart slug is heavily wounded.
The dart slug bites you.
You hit the dart slug. You punch the dart slug.
The dart slug is almost dead.
The dart slug launches a dart at you. The slug dart misses you.
You hit the dart slug.
The dart slug is almost dead.
A gnoll comes into view. It is wielding a +0 club.
The dart slug launches a dart at you. The slug dart hits you.
The gnoll shouts!
You hit the dart slug.
You kill the dart slug!
You hit the kobold.
The kobold is moderately wounded.
The kobold hits you with a +0 short sword.
The kobold closely misses you.
You hit the kobold.
You kill the kobold!
Things that are here:
a +0 short sword; a kobold corpse You completely miss the gnoll.
The gnoll hits you with a +0 club!
* * * LOW HITPOINT WARNING * * *
You hit the gnoll.
The gnoll is moderately wounded.
The gnoll hits you with a +0 club.
You die...

....... ........## ## #..
#......###........## .##
#...#....#..#...###..... ...
#...#....##............. .##
.........#.............. ##
.........#..............
............................
.....#.....g†#...>..........
##..........@$...........###.
#.....##......##.##########..
##....# #......##......# #...
####..#.# #......##......## #...
........####.......#.......###)..
.................................
.......#############......####...
....#### #......# #... ....#
#......# #...


You could see a gnoll.

Vanquished Creatures
  A dart slug (D:1)
  A hobgoblin (D:1)
  2 kobolds (D:1)
4 creatures vanquished.

Notes
Turn   | Place    | Note
-------+----------+-------------------------------------------
     0 | D:1      | gzilladon the Hill Orc Monk began the quest for the Orb.
     0 | D:1      | Reached XP level 1. HP: 19/19 MP: 1/1
   211 | D:1      | Slain by a gnoll

Illustrated notes

Levels and vault maps discovered:
D:1:      evilmike_arrival_plus, layout_rooms, grunt_decor_cap

Action                   || total
-------------------------++-------
Melee: Hand axe          ||    23
       Punch             ||     2
Dodge: Dodged            ||    12

Table legend: (Time is in decaauts)
 A = Elapsed time spent in this place.
 B = Non-inter-level travel time spent in this place.
 C = Inter-level travel time spent in this place.
 D = Time resting spent in this place.
 E = Time spent auto-exploring this place.
 F = Levels seen in this place.
 G = Mean time per level.
                   A        B        C        D        E       F      G
               +--------+--------+--------+--------+--------+-----+--------+
         Total |    213 |    213 |      0 |     62 |      0 |   1 |  213.0 |
       Dungeon |    213 |    213 |      0 |     62 |      0 |   1 |  213.0 |
               +--------+--------+--------+--------+--------+-----+--------+

Top non-repeatable levels by time:
     D:1: 213 daAuts
